 Dungeon Crawl Stone Soup version 0.18.1-50-g88ac8fd (webtiles) character file.

124 lorenzova the Poker (level 5, 0/38 HPs)
             Began as a Merfolk Skald on Oct 18, 2016.
             Was an Initiate of Yredelemnul.
             Succumbed to a gnoll's poison
             ... on level 2 of the Dungeon.
             The game lasted 00:03:04 (2997 turns).

lorenzova the Poker (Merfolk Skald)                 Turns: 2997, Time: 00:03:04

Health: 0/38       AC:  3    Str: 14    XL:     5   Next: 8%
Magic:  0/9        EV: 12    Int: 11    God:    Yredelemnul [......]
Gold:   90         SH:  0    Dex: 13    Spells: 2 memorised, 6 levels left

rFire  . . .     SeeInvis .     a - +0 spear
rCold  . . .     Gourm    .     b - +0 leather armour
rNeg   . . .     Faith    .     (no shield)
rPois  .         Spirit   .     (no helmet)
rElec  .         Dismiss  .     (no cloak)
rCorr  .         Reflect  .     (no gloves)
SustAt .         Harm     .     (no boots)
MR     .....                    (no amulet)
Stlth  +.........               (no ring)
                                (no ring)

@: lethally poisoned (0 -> -9), singing, not resistant to hostile enchantments,
very unstealthy
A: change form in water, swift swim
a: Renounce Religion, Stop Singing


You were on level 2 of the Dungeon.
You worshipped Yredelemnul.
Yredelemnul was noncommittal.
You were hungry.

You visited 1 branch of the dungeon, and saw 3 of its levels.

You collected 90 gold pieces.

Inventory:

Hand Weapons
 a - a +0 spear (weapon)
Armour
 b - a +0 leather armour (worn)
Scrolls
 e - 5 scrolls of identify {unknown}
 f - a scroll of enchant armour {unknown}
 h - a scroll of noise {unknown}
 k - a scroll of recharging {unknown}
 l - a scroll of enchant weapon {unknown}
 n - a scroll of remove curse {unknown}
Potions
 i - a potion of flight {unknown}
 j - a potion of magic {unknown}
Books
 c - a book of Battle

   Spells                             Type                      Level
   a - Infusion                       Charms                       1
   b - Shroud of Golubria             Charms/Translocation         2
   c - Song of Slaying                Charms                       2
   d - Spectral Weapon                Hexes/Charms                 3
   e - Regeneration                   Charms/Necromancy            3
 o - a book of Party Tricks

   Spells                             Type                      Level
   a - Summon Butterflies             Summoning                    1
   b - Apportation                    Translocation                1
   c - Tukima's Dance                 Hexes                        3
   d - Alistair's Intoxication        Transmutation/Poison         5
   e - Invisibility                   Hexes                        6
Comestibles
 d - 4 bread rations
 m - a meat ration


   Skills:
 - Level 2.1 Fighting
 + Level 4.3 Polearms
 - Level 0.6 Armour
 + Level 3.1 Dodging
 + Level 2.9 Spellcasting
 + Level 4.2 Charms


You had 6 spell levels left.
You knew the following spells:

 Your Spells              Type           Power        Failure   Level  Hunger
a - Infusion              Chrm           ##..         10%         1    #......
b - Song of Slaying       Chrm           ##......     12%         2    ###....


Dungeon Overview and Level Annotations

Branches:
Dungeon (3/15)

Altars:
Ashenzari
Yredelemnul


Message History

You feel sick.
* * * LOW HITPOINT WARNING * * *
You feel sick.
* * * LOW HITPOINT WARNING * * *
You feel sick.
* * * LOW HITPOINT WARNING * * *
You feel sick.
There is a stone staircase leading up here.
* * * LOW HITPOINT WARNING * * *
You feel sick. The gnoll barely misses you.
You climb upwards.
You are no longer magically infusing your attacks.
* * * LOW HITPOINT WARNING * * *
You feel sick.
There is a stone staircase leading down here.
Unknown command.
Drink which item? (? for menu, Esc to quit)
It was a potion of cure mutation.
It has a very clean taste.
You die...
Your body rises from the dead as a mindless zombie.

#########.#
#.......#.#
#.#####.#)#######
###.#####.#........
#......##..........
#......###.........
#.............#####
#......###....#####
#########
##@g...)...........
#.......#
#.................
#.......#
#.########.#.#####
#.......# #.#
######.#.#
#.......# #.#
#..(..(#)#####
#.[.....####.#
#.####.)((....
#............# #.#
#.....(##
######'####### #.#
#....#... #.# #.#
#....##).


You could see a gnoll.

Vanquished Creatures
  5 gnolls
  An adder (D:2)
  An ooze (D:2)
  2 worms (D:2)
  6 dart slugs
  A giant gecko (D:2)
  3 giant cockroaches
  8 hobgoblins
  3 jackals (D:2)
  2 quokkas (D:2)
  2 bats (D:1)
  3 giant newts
  4 kobolds
  6 rats
47 creatures vanquished.

Notes
Turn   | Place    | Note
--------------------------------------------------------------
     0 | D:1      | lorenzova the Merfolk Skald began the quest for the Orb.
     0 | D:1      | Reached XP level 1. HP: 16/16 MP: 3/3
   175 | D:1      | Reached XP level 2. HP: 17/22 MP: 5/5
   179 | D:1      | Learned a level 2 spell: Song of Slaying
   741 | D:2      | Reached XP level 3. HP: 19/27 MP: 6/6
  1182 | D:1      | Reached XP level 4. HP: 13/33 MP: 1/7
  1379 | D:2      | HP: 1/33 [gnoll/halberd (4)]
  1882 | D:2      | Found a basalt altar of Yredelemnul.
  1891 | D:2      | Became a worshipper of Yredelemnul the Dark
  1945 | D:2      | Found a shattered altar of Ashenzari.
  2985 | D:3      | Reached XP level 5. HP: 22/38 MP: 1/9
  2996 | D:2      | HP: 1/38 [poisoned by a gnoll]
  2997 | D:2      | Succumbed to a gnoll's poison

Skill      XL: |  1  2  3  4 |
---------------+-------------+-----
Dodging        | 2 3 |  3.1
Polearms       | 4 |  4.3
Charms         | 4 |  4.2
Fighting       | |  2.1
Armour         | |  0.6
Spellcasting   | |  2.9

Action                   |  1- 3 |  4- 6 || total
-------------------------+-------+-------++-------
Melee: Spear             |   120 |   111 ||   231
 Cast: Infusion          |     2 |     4 ||     6
       Song of Slaying   |       |     1 ||     1
  Use: Potion            |       |     1 ||     1
 Stab: Sleeping          |     2 |     1 ||     3
  Eat: Meat ration       |       |     1 ||     1
       Chunk             |       |     1 ||     1
Armor: Leather armour    |    16 |    16 ||    32
Dodge: Dodged            |    64 |    49 ||   113
